AoeStats
← HANK_I

Northern Isles

510822374Analyzed
1v1 RM · 1d ago on Oct 2, 2026· 32m 12s· 2 players
Game mode
Random Map
Map size
Tiny (2 player)
Population
200
Speed
Normal
Resources
Standard
Victory
Conquest
Starting age
Dark Age
Ending age
Imperial Age
RankedLock teamsTeams togetherTeam positionsShared explorationLock speedFull tech treeHidden civsTurbo modeCheats
Victory
Defeat
🇺🇸 Koreans · United States
1121
+15
🇭🇺 Franks · Hungary
1107
-15
Stinky_Boii
13:46 Feudal Age
15:58 Fishing Lines
17:35 Double-Bit Axe
23:42 Castle Age
21:29 Loom
24:52 Bow Saw
25:23 Medium Warships
30:40 Wheelbarrow
29:50 Town Watch
HANK_I
14:20 Feudal Age
15:42 Double-Bit Axe
26:29 Castle Age
27:54 Medium Warships
28:27 Fletching
Connection lost

Rejoining the realm…

Still unreachable

The connection could not be restored.

Session expired

The server has moved on; the page needs a fresh start.